 Dungeon Crawl Stone Soup version 0.21.0-3-g78d12a8 (webtiles) character file.

644 Monsterracer the Skirmisher (level 7, -6/56 HPs)
             Began as a Formicid Summoner on Jan 12, 2018.
             Was an Initiate of Makhleb.
             Mangled by Prince Ribbit (15 damage)
             ... on level 5 of the Dungeon.
             The game lasted 00:09:26 (9182 turns).

Monsterracer the Skirmisher (Formicid Summoner)     Turns: 9182, Time: 00:09:27

Health: -6/56      AC:  5    Str: 15    XL:     7   Next: 81%
Magic:  10/10      EV: 11    Int: 14    God:    Makhleb [......]
Gold:   268        SH:  0    Dex: 14    Spells: 4/10 levels left

rFire    . . .     SeeInvis +   a - +1 war axe
rCold    . . .     Gourm    .   (no shield)
rNeg     + . .     Faith    .   o - +0 ring mail of the Abyss {rN+ MR+ Dex+3 SInv} (curse)
rPois    .         Spirit   .   (helmet unavailable)
rElec    .         Reflect  .   (no cloak)
rCorr    .         Harm     .   (no gloves)
MR       +....                  (no boots)
Stlth    +.........             (no amulet)
HPRegen  0.18/turn              n - ring of wizardry
MPRegen  0.12/turn              h - ring of teleportation (curse)

@: no status effects
A: permanent stasis, dig shafts and tunnels, four strong arms, antennae 3
a: Dig, Shaft Self, Renounce Religion


You were on level 5 of the Dungeon.
You worshipped Makhleb.
Makhleb was noncommittal.
You were hungry.

You visited 1 branch of the dungeon, and saw 6 of its levels.

You collected 268 gold pieces.

Inventory:

Hand Weapons
 a - a +1 war axe (weapon)
Armour
 g - a +0 plate armour
 j - a +0 chain mail
 o - the cursed +0 ring mail of the Abyss (worn) {rN+ MR+ Dex+3 SInv}
   (You found it on level 5 of the Dungeon)

   It affects your dexterity (+3).
   It protects you from negative energy.
   It affects your resistance to hostile enchantments.
   It lets you see invisible.
   It has a curse placed upon it.
 x - a +0 shield
Jewellery
 f - an uncursed ring of flight
 h - a cursed ring of teleportation (right hand)
 n - a ring of wizardry (left hand)
Scrolls
 l - a scroll of fear {!r}
 m - 6 scrolls of remove curse
 s - 2 scrolls of immolation {!r}
 v - a scroll of magic mapping {!r}
Potions
 d - 3 potions of agility
 e - 2 potions of heal wounds
 k - a potion of flight
 p - a potion of magic {unknown}
 q - a potion of brilliance {unknown}
 r - 2 potions of resistance {unknown}
Books
 b - a book of Callings

   Spells                             Type                      Level
   a - Summon Small Mammal            Summoning                    1
   b - Call Imp                       Summoning                    2
   c - Call Canine Familiar           Summoning                    3
   d - Summon Guardian Golem          Hexes/Summoning              3
   e - Summon Lightning Spire         Summoning/Air                4
   f - Summon Ice Beast               Ice/Summoning                4
Comestibles
 c - 10 rations
 t - 3 chunks of flesh


   Skills:
 + Level 5.0 Fighting
 * Level 4.3(4.5) Axes
   Level 1.4(3.1) Maces & Flails
 - Level 1.7 Dodging
 - Level 2.4 Stealth
 + Level 2.7 Shields
 - Level 2.1 Spellcasting
 + Level 4.2 Summonings
 + Level 2.6 Invocations


You had 4 spell levels left.
You knew the following spells:

 Your Spells              Type           Power        Failure   Level  Hunger
a - Summon Small Mammal   Summ           ##..         3%          1    #......
b - Call Imp              Summ           ##......     4%          2    ###....
c - Call Canine Familiar  Summ           ##......     10%         3    ###....


Dungeon Overview and Level Annotations

Branches:
Dungeon (6/15)             Temple (0/1) D:6

Altars:
Cheibriados
Dithmenos
Hepliaklqana
Makhleb
Nemelex Xobeh
Zin

Annotations:
D:5 Prince Ribbit


Innate Abilities, Weirdness & Mutations

You cannot be hasted, slowed, berserked, paralysed or teleported.
You can dig through walls and to a lower floor.
Your four strong arms can wield two-handed weapons with a shield.
You have a pair of large antennae on your head. (SInv)


Message History

No target in view!
Drop what? 21/52 slots (_ for help) (? for menu, Esc to quit)
Okay, then.
c - 10 rations (gained 1)
An ogre comes into view. It is wielding a giant spiked club.
An ogre is nearby!
The ogre shouts!
You hear a loud, deep croak!
Prince Ribbit comes into view.
Prince Ribbit blinks!
You hit the ogre.
The ogre is lightly wounded.
The ogre hits you but does no damage.
You hit the ogre.
The ogre is moderately wounded.
The ogre closely misses you.
The crimson imp shouts!
You slash the ogre!
The ogre is severely wounded.
The ogre barely misses you.
Prince Ribbit hops awkwardly around.
You slash the ogre!
You kill the ogre!
Makhleb accepts your kill.
Your Fighting skill increases to level 5!
Prince Ribbit blinks!
An orc comes into view.
Health restored: 56 The crimson imp zaps a wand.
The puff of flame hits you!
It is a wand of flame (17).
You take 3 damage, and have 53/56 hp.
The crimson imp hits you but does no damage.
You slash the crimson imp!
The crimson imp is severely wounded.
The crimson imp hits you.
You take 2 damage, and have 51/56 hp.
You miss the crimson imp.
The crimson imp is heavily wounded.
The crimson imp hits you.
The crimson imp zaps a wand.
The puff of flame hits you!
You take 16 damage, and have 35/56 hp.
MASSIVE DAMAGE!!
You barely miss the crimson imp.
The crimson imp is heavily wounded.
The crimson imp blinks!
You are too injured to fight recklessly!
You are too injured to fight recklessly!
You are too injured to fight recklessly!
You hit the orc.
You kill the orc!
Makhleb accepts your kill.
The crimson imp zaps a wand.
The puff of flame hits you!
* * * LOW HITPOINT WARNING * * *
You take 8 damage, and have 27/56 hp.
Prince Ribbit asks, "Just a little smooch?"
Found a shadowy altar of Dithmenos.
You see here an orc corpse.
You butcher the orc corpse.
The crimson imp picks up a beetle and eats it.
The crimson imp zaps a wand.
The puff of flame misses you.
You see here 4 chunks of flesh.
t - 4 chunks of flesh The crimson imp blinks!
Eat one of 4 chunks of flesh? (ye/n/q)
You eat one of the 4 chunks of flesh.
This raw flesh tastes terrible.
You are feeling hungry.
The crimson imp blinks!
Found a scroll of enchant weapon.
Prince Ribbit catches a centipede with his tongue.
Prince Ribbit blinks!
Prince Ribbit croaks regally.
Prince Ribbit blinks!
Found 5 gold pieces.
Prince Ribbit hops awkwardly around.
Prince Ribbit croaks regally.
Prince Ribbit hits you.
* * * LOW HITPOINT WARNING * * *
You take 2 damage, and have 28/56 hp.
Unknown command.
Prince Ribbit hits you.
* * * LOW HITPOINT WARNING * * *
You take 3 damage, and have 25/56 hp.
Prince Ribbit blinks!
Prince Ribbit hits you!
* * * LOW HITPOINT WARNING * * *
You take 11 damage, and have 14/56 hp.
There is a stone staircase leading up here.
There are no items here.
Prince Ribbit barely misses you.
You climb upwards.
There is a stone staircase leading down here.
You barely miss Prince Ribbit. Prince Ribbit completely misses you.
Prince Ribbit hits you.
* * * LOW HITPOINT WARNING * * *
You take 6 damage, and have 8/56 hp.
Throwing (i - inventory):
i - a throwing net (quivered)
Press: ? - help, Shift-Dir - straight line, f - Prince Ribbit
Aim: Prince Ribbit You throw a throwing net.
The throwing net closely misses Prince Ribbit.
Prince Ribbit hits you!
You die...

#####(#####.##.######.####
## #.#
#...............#### .#
#.# #..##..............#
.#
#.####..##.#####.###.##.#
.# #.#.....#...# #.#
#.##.# .# #.#.....#.#.##
#.# #.##.##### .#
#.#.....#....# #.#
#.##.....#
.####.#.....#....# #.#
#.######.#
.............#(F@###.# #.#
#.#
.####................###.#
#.# ##
#####................# #.#
#.#.........###### #.#
#.####...#### #.# #.#
#...# #.# #.# #...# #.#
#.# ##.## #.# ####.#####.#
#.#


You could see Prince Ribbit.

Vanquished Creatures
  An ogre (D:6)
  A bullfrog (D:5)
  A water moccasin skeleton (D:5)
  A hound (D:2)
  A jelly (D:6)
  A bullfrog skeleton (D:5)
  4 worker ants
  A hound zombie (D:5)
  2 worker ant zombies
  4 adders
  2 gnolls (D:4)
  2 shadow imps (D:5)
  A worm (D:4)
  3 dart slugs
  4 leopard geckos
  10 orcs
  8 giant cockroaches
  12 goblins
  6 hobgoblins
  12 jackals
  4 quokkas
  A ball python (D:4)
  8 bats
  2 frilled lizards
  9 kobolds
  A leopard gecko skeleton (D:5)
  11 rats
113 creatures vanquished.

Vanquished Creatures (collateral kills)
  An orc priest (D:3)
  2 gnolls (D:4)
  2 adders
  An orc (D:3)
  A hobgoblin (D:1)
7 creatures vanquished.

Grand Total: 120 creatures vanquished

Notes
Turn   | Place    | Note
-------+----------+-------------------------------------------
     0 | D:1      | Monsterracer the Formicid Summoner began the quest for the Orb.
     0 | D:1      | Reached XP level 1. HP: 13/13 MP: 3/3
   119 | D:1      | HP: 6/14 [rat (3)]
   124 | D:1      | HP: 5/14 [rat (1)]
   337 | D:1      | Reached skill level 1 in Fighting
   499 | D:1      | Reached XP level 2. HP: 14/21 MP: 5/5
   668 | D:1      | Learned a level 2 spell: Call Imp
   694 | D:1      | Reached skill level 2 in Fighting
  1190 | D:1      | Reached XP level 3. HP: 25/28 MP: 6/6
  1809 | D:1      | HP: 13/28 [adder (3)]
  1817 | D:1      | HP: 6/28 [poisoned by an adder]
  1825 | D:1      | HP: 5/28 [poisoned by an adder]
  2081 | D:2      | HP: 14/28 [adder (4)]
  2088 | D:2      | HP: 12/28 [poisoned by an adder]
  2089 | D:2      | Reached skill level 3 in Fighting
  2089 | D:2      | Reached skill level 1 in Maces & Flails
  2096 | D:2      | HP: 11/29 [poisoned by an adder]
  2759 | D:2      | Reached XP level 4. HP: 31/35 MP: 7/7
  2863 | D:2      | HP: 16/35 [hobgoblin/club (4)]
  2870 | D:2      | HP: 11/35 [hobgoblin/club (2)]
  3483 | D:2      | Found a sparkling altar of Nemelex Xobeh.
  3483 | D:2      | Found a burning altar of Makhleb.
  3511 | D:2      | HP: 15/35 [hound (4)]
  3515 | D:2      | HP: 7/35 [hound (4)]
  3901 | D:2      | Reached skill level 1 in Axes
  3950 | D:2      | Reached XP level 5. HP: 42/42 MP: 8/8
  4477 | D:3      | Reached skill level 4 in Fighting
  5071 | D:3      | HP: 19/42 [orc priest/divine providence (15)]
  5084 | D:2      | HP: 19/42 [hobgoblin (2)]
  5275 | D:2      | HP: 20/42 [orc/hand axe (3)]
  5917 | D:4      | Reached XP level 6. HP: 36/48 MP: 9/9
  6079 | D:4      | Found a snail-covered altar of Cheibriados.
  6210 | D:4      | Found a glowing silver altar of Zin.
  6340 | D:4      | Found a hazy altar of Hepliaklqana.
  6454 | D:2      | Became a worshipper of Makhleb the Destroyer
  6689 | D:4      | Reached skill level 1 in Shields
  6691 | D:4      | HP: 21/49 [gnoll (5)]
  7064 | D:5      | Entered Level 5 of the Dungeon
  7086 | D:5      | HP: 23/49 [shadow imp (3)]
  7089 | D:5      | Reached skill level 1 in Invocations
  7341 | D:5      | HP: 24/49 [poisoned by a worker ant]
  7346 | D:5      | HP: 16/49 [poisoned by a worker ant]
  7352 | D:5      | HP: 13/49 [poisoned by a worker ant]
  7359 | D:5      | HP: 11/49 [poisoned by a worker ant]
  7366 | D:5      | HP: 10/49 [poisoned by a worker ant]
  7374 | D:5      | HP: 9/49 [poisoned by a worker ant]
  7736 | D:5      | HP: 24/49 [water moccasin skeleton (2)]
  7738 | D:5      | Reached XP level 7. HP: 25/55 MP: 10/10
  7903 | D:5      | Got a heavily runed ring mail
  7914 | D:5      | Identified the cursed +0 ring mail of the Abyss {rN+ MR+ Dex+3 SInv} (You found it on level 5 of the Dungeon)
  8237 | D:5      | HP: 27/55 [worker ant (7)]
  8556 | D:5      | Learned a level 3 spell: Call Canine Familiar
  8967 | D:6      | Found a staircase to the Ecumenical Temple.
  9141 | D:6      | Noticed Prince Ribbit
  9146 | D:6      | Reached skill level 5 in Fighting
  9153 | D:6      | HP: 27/56 [crimson imp/wand of flame (16) (8)]
  9154 | D:6      | Found a shadowy altar of Dithmenos.
  9171 | D:6      | HP: 28/56 [Prince Ribbit (3)]
  9177 | D:6      | HP: 14/56 [Prince Ribbit (12)]
  9182 | D:5      | Mangled by Prince Ribbit

Skill      XL: |  1  2  3  4  5  6  7 |
---------------+----------------------+-----
Fighting       | 1 2 3 4 5 |  5.0
Maces & Flails | 1 |  1.4
Axes           | 1 2 3 4 |  4.3
Shields        | 1 2 |  2.7
Invocations    | 1 2 |  2.6
Dodging        | |  1.7
Stealth        | |  2.4
Spellcasting   | |  2.1
Summonings     | |  4.2

Action                   |  1- 3 |  4- 6 |  7- 9 || total
-------------------------+-------+-------+-------++-------
Melee: Unarmed           |    37 |       |       ||    37
       Whip              |   103 |    56 |       ||   159
       Hand axe          |       |    37 |       ||    37
       War axe           |       |   194 |    52 ||   246
Throw: Throwing net      |       |       |     1 ||     1
 Cast: Summon Small Mamm |     1 |       |       ||     1
       Call Imp          |     3 |     6 |       ||     9
  Use: Scroll            |       |     9 |     1 ||    10
       Potion            |       |       |     3 ||     3
 Stab: Sleeping          |     5 |     3 |       ||     8
  Eat: Chunk             |     5 |    17 |     1 ||    23
       Ration            |       |       |     1 ||     1
Armor: Robe              |    17 |     2 |       ||    19
       Ring mail         |       |   110 |    18 ||   128
Dodge: Dodged            |   100 |   222 |    30 ||   352

Vault maps used:
D:1:      elethiomel_arrival_infinity_welcomes_careful_drivers, serial_forest,
          infiniplex_forest_clump_small, infiniplex_forest_clump_C,
          infiniplex_forest_lined_3, infiniplex_forest_clump_small,
          infiniplex_forest_straight_5
D:2:      makhleb_heckhound_becter, nemelex_xobeh_ov_fountains_minmay,
          serial_glass, glass_columns_a, glass_columns_a
D:3:      first_ration
D:4:      cheibrodos_old_hovel, zin_treasury, lemuel_round_altar,
          kennysheep_slug_shrine
D:6:      nicolae_overflow_crystal_walls, temple_pool_b, uniq_sigmund,
          uniq_prince_ribbit1
